 Dungeon Crawl Stone Soup version 0.26.0-45-g9c1d065592 (webtiles) character file.

Game seed: 12924920578510012500

81 kaeus the Sneak (level 4, -2/31 HPs)
             Began as an Octopode Monk on Jan 28, 2021.
             Slain by Crazy Yiuf
             ... wielding a +3 quarterstaff of chaos
              (7 damage)
             ... on level 3 of the Dungeon.
             The game lasted 00:01:25 (2739 turns).

kaeus the Sneak (Octopode Monk)                     Turns: 2739, Time: 00:01:26

Health: -2/31      AC:  1    Str: 10    XL:     4   Next: 42%
Magic:  4/4        EV: 15    Int: 12    God:
Gold:   144        SH:  0    Dex: 15    Spells: 3/3 levels left

rFire    + . .     SeeInvis .   a - +0 short sword
rCold    . . .     Faith    .   (no shield)
rNeg     . . .     Spirit   .   (helmet restricted)
rPois    .         Reflect  .   (no amulet)
rElec    .         Harm     .   l - ring of protection from fire
rCorr    .         Rampage  .   m - ring of attention (curse)
Will     .....                  (no ring)
Stlth    +++.......             (no ring)
HPRegen  0.10/turn              (no ring)
MPRegen  0.09/turn              (no ring)
                                (no ring)
                                (no ring)

@: no status effects
A: almost no armour, stealthy swim, amphibious, 8 rings, constrict 8, camouflage
1, gelatinous body 1
a: no special abilities


You were on level 3 of the Dungeon.
You visited 1 branch of the dungeon, and saw 3 of its levels.

You collected 144 gold pieces.

Inventory:

Hand Weapons
 a - a +0 short sword (weapon)
Jewellery
 j - an uncursed amulet of faith
 l - a ring of protection from fire (left tentacle)
 m - a cursed ring of attention (right tentacle)
Wands
 o - a wand of iceblast (8)
Scrolls
 b - 3 scrolls of identify
 c - a scroll of immolation
 f - a scroll of random uselessness {unknown}
 h - 2 scrolls of remove curse
 k - 3 scrolls of enchant weapon {unknown}
Potions
 d - 3 potions of haste {unknown}
 e - 2 potions of curing {unknown}
 g - a potion of brilliance {unknown}
 i - a potion of berserk rage {unknown}
 n - a potion of mutation {unknown}


   Skills:
 + Level 3.4 Fighting
 + Level 3.5 Short Blades
 + Level 3.5 Dodging
 * Level 4.5 Stealth


You had 3 spell levels left.
You didn't know any spells.
Your spell library contained the following spells:

 Spells                   Type           Power        Failure   Level
 Confusing Touch          Hex            0%           69%         3
 Gell's Gravitas          Tloc           0%           69%         3
 Petrify                  Tmut/Erth      0%           97%         4
 Metabolic Englaciation   Hex/Ice        0%           100%        5
 Yara's Violent Unravell  Hex/Tmut       0%           100%        5


Dungeon Overview and Level Annotations

Branches:
Dungeon (3/15)

Altars:
Cheibriados
Hepliaklqana
Makhleb
Yredelemnul

Annotations:
D:3 Crazy Yiuf


Innate Abilities, Weirdness & Mutations

You cannot wear most types of armour.
You are very stealthy in the water. (Stealth+)
You are amphibious.
You can wear up to eight rings at the same time.
You can use your tentacles to constrict eight enemies at once.
Your skin changes colour to match your surroundings (Stealth+).
Your rubbery body absorbs attacks. (AC +1, EV +1)


Message History

Crazy Yiuf is lightly wounded.
You hit Crazy Yiuf but do no damage. Your grab misses Crazy Yiuf.
Your squeeze misses Crazy Yiuf.
Crazy Yiuf is lightly wounded.
Crazy Yiuf hits you with a +3 quarterstaff of chaos!
* * * LOW HITPOINT WARNING * * *
Crazy Yiuf burns you.
* * * LOW HITPOINT WARNING * * *
You take 10 damage, and have 5/31 hp.
MASSIVE DAMAGE!!
You hit Crazy Yiuf but do no damage. You grab Crazy Yiuf.
You squeeze Crazy Yiuf.
Crazy Yiuf is lightly wounded.
You constrict Crazy Yiuf. Crazy Yiuf barely misses you.
You hit Crazy Yiuf.
You squeeze Crazy Yiuf, but do no damage.
Crazy Yiuf is moderately wounded.
You constrict Crazy Yiuf.
Crazy Yiuf screams, "Spliff Hive sow!"
Crazy Yiuf hits you with a +3 quarterstaff of chaos!
You die...

#.####
##..≈≈8≈ #.#
##..≈≈≈ ###
##.... #.##.
##### #.##.
#)..# ##.##.
#...#
#######.....
#.g.#
#....(......
#@#
#######....#
#.## ##.#.#
##.# #.#.#
#.## #.#.#
##.# #.#.#
##.## #.#..
##P..#
########.###
#.P..#
#..#.......#
#....#
##.#.###.#.#


You could see Crazy Yiuf.

Vanquished Creatures
  4 adders
  A worm (D:2)
  A dart slug (D:3)
  3 leopard geckos
  An orc (D:3)
  5 bats
  9 hobgoblins
  4 kobolds
  A frilled lizard (D:2)
  3 goblins
  6 rats
38 creatures vanquished.

Vanquished Creatures (others)
  2 fungi (D:3)
2 creatures vanquished.

Grand Total: 40 creatures vanquished

Notes
Turn   | Place    | Note
-------+----------+-------------------------------------------
     0 | D:1      | kaeus the Octopode Monk began the quest for the Orb.
     0 | D:1      | Reached XP level 1. HP: 16/16 MP: 1/1
   170 | D:1      | Reached skill level 3 in Stealth
   219 | D:1      | Reached XP level 2. HP: 21/21 MP: 2/2
   796 | D:2      | Found a basalt altar of Yredelemnul.
   962 | D:2      | Reached XP level 3. HP: 18/26 MP: 3/3
  1306 | D:2      | Reached skill level 4 in Stealth
  1802 | D:3      | Found a burning altar of Makhleb.
  1802 | D:3      | Found a hazy altar of Hepliaklqana.
  1929 | D:3      | Found a runed translucent door.
  1930 | D:3      | Noticed Crazy Yiuf
  2247 | D:3      | Found a snail-covered altar of Cheibriados.
  2250 | D:3      | Reached XP level 4. HP: 31/31 MP: 4/4
  2739 | D:3      | Slain by Crazy Yiuf

Illustrated notes

Levels and vault maps discovered:
D:1:      dpeg_arrival_arbitrary_b, layout_loops_cross, grunt_decor_arrowhead,
          minmay_tetromino_o2
D:2:      layout_loops_corners, overflow_temple_1_default, grunt_ministairs_10
D:3:      layout_loops_corners, kennysheep_slug_shrine,
          chequers_temple_overflow_statue_of_worship, moated_statue,
          uniq_crazy_yiuf_cottage

Skill      XL: |  1  2  3 |
---------------+----------+-----
Stealth        | 3 4 |  4.5
Fighting       | |  3.4
Short Blades   | |  3.5
Dodging        | |  3.5

Action                   |  1- 3 |  4- 6 || total
-------------------------+-------+-------++-------
Melee: Short sword       |    63 |    13 ||    76
       Constrict         |    15 |     2 ||    17
       Tentacles         |     7 |     3 ||    10
  Use: Scroll            |     2 |       ||     2
 Stab: Sleeping          |    12 |     2 ||    14
Armor: Skin              |     4 |       ||     4
Dodge: Dodged            |    26 |     7 ||    33
